 Dungeon Crawl Stone Soup version 0.31-a0-232-gb1c03b2570 (webtiles) character file.

Game seed: 16371061121732522569

5727 Shard1697 the Basher (level 10, -1/97 HPs)
             Began as an Armataur Fighter on July 7, 2023.
             Was an Elder of Elyvilon.
             Slain by a fire elemental (6 damage)
             ... summoned by a deep elf pyromancer
             ... on level 8 of the Dungeon.
             The game lasted 00:11:24 (7550 turns).

Shard1697 the Basher (Armataur Fighter)             Turns: 7550, Time: 00:11:24

Health: -1/97      AC: 12    Str: 23    XL:     10   Next: 48%
Magic:  14/14      EV:  8    Int: 10    God:    Elyvilon [****..]
Gold:   293        SH:  4    Dex: 11    Spells: 7/9 levels left

rFire   . . .        a - +2 morningstar (flame)
rCold   . . .        c - +0 buckler
rNeg    . . .        u - +0 swamp dragon scales
rPois   +            m - +1 helmet
rElec   .            t - +2 cloak {rCorr}
rCorr   +            (no gloves)
SInv    .            (no barding)
Will    .....        (no amulet)
Stlth   +            p - ring of flight
HPRegen 0.36/turn    (no ring)
MPRegen 0.14/turn

%: roll
@: flying
A: large, rugged brown scales 3, deformed body, armoured tail, roll, long
tongue, awkward tongue
a: Renounce Religion, Purification, Heal Other, Heal Self


You were on level 8 of the Dungeon.
You worshipped Elyvilon.
Elyvilon was greatly pleased with you.
You visited 1 branch of the dungeon, and saw 8 of its levels.

You collected 435 gold pieces.
You spent 142 gold pieces at shops.

Inventory:

Hand Weapons
 a - a +2 morningstar of flaming (weapon)
 b - a +2 war axe of freezing
Missiles
 i - 7 curare-tipped darts
Armour
 c - a +0 buckler (worn)
 m - a +1 helmet (worn)
 s - a +1 chain mail of fire resistance
 t - a +2 cloak of preservation (worn)
 u - +0 swamp dragon scales (worn)
Jewellery
 p - a ring of flight (left hand)
Wands
 g - a wand of flame (5)
 v - a wand of light (13)
Scrolls
 f - 4 scrolls of teleportation
 l - 2 scrolls of fear
 n - 3 scrolls of vulnerability
 o - a scroll of amnesia
Potions
 d - a potion of might
 e - 5 potions of curing
 h - a potion of berserk rage
 j - 2 potions of enlightenment
 k - 2 potions of brilliance
 q - a potion of mutation {unknown}
 r - a potion of haste


   Skills:
 + Level 9.3 Fighting
 + Level 10.2 Maces & Flails
 - Level 3.6 Armour
 - Level 3.2 Shields
 + Level 6.1 Invocations


You had 7 spell levels left.
You knew the following spells:

 Your Spells              Type           Power      Damage    Failure   Level
a - Wereblood             Tmut           0%         N/A       73%         2

Your spell library contained the following spells:

 Spells                   Type           Power      Damage    Failure   Level
 Sublimation of Blood     Necr           0%         N/A       73%         2
 Summon Guardian Golem    Hex/Summ       0%         N/A       91%         3
 Orb of Destruction       Conj           0%         9d5       100%        7
 Spellforged Servitor     Conj/Summ      0%         N/A       100%        7
 Summon Hydra             Summ           0%         N/A       100%        7


Dungeon Overview and Level Annotations

Branches:
Dungeon (8/15)             Temple (0/1) D:7            Lair (0/5) D:8

Altars:
Ashenzari
Cheibriados
Elyvilon
Makhleb
Nemelex Xobeh
Trog
Uskayaw
Wu Jian
Zin

Shops:
D:3 [


Innate Abilities, Weirdness & Mutations

You are completely covered in rugged brown scales. (AC +3, +7% HP)
Armour fits poorly on your strangely shaped body.
You have a long armoured tail.
You roll when moving toward enemies. (Rampage)
Your long tongue fully drains potion bottles. (2x potion effects)
Your tongue gives you trouble enunciating. (1.5x scroll delay)


Message History

You puncture the deep elf pyromancer! You burn the deep elf pyromancer.
The deep elf pyromancer is severely wounded.
A water nymph appears out of thin air!
Reactivating autopickup.
The fire elemental hits you. The fire elemental burns you!
The deep elf pyromancer points at you and mumbles some strange words.
The sticky flame hits you.
You are covered in liquid flames!
You barely miss the deep elf pyromancer.
Your tail-slap misses the deep elf pyromancer.
The deep elf pyromancer is severely wounded.
You are covered in liquid flames!
The jumping spider leaps!
You block the fire elemental's attack.
The jumping spider is engulfed in blazing flames.
The water nymph touches you. The water nymph drowns you!
The deep elf pyromancer hits you with a +0 rapier.
As you slowly read the scroll of fear, it crumbles to dust.
You assume a fearsome visage.
The fire elemental is unaffected. x2
The jumping spider looks frightened!
The deep elf pyromancer looks frightened!
The water nymph easily resists.
The fire elemental hits you. The fire elemental burns you!
The jumping spider leaps!
The fire elemental hits you. The fire elemental burns you!
The water nymph touches you. The water nymph drowns you!
* * * LOW HITPOINT WARNING * * *
The deep elf pyromancer gestures wildly while chanting.
The deep elf pyromancer blinks!
You feel better.
You slurp down every last drop of the potion of curing!
The water nymph changes into a torpor snail!
The fire elemental hits you. The fire elemental burns you!
* * * LOW HITPOINT WARNING * * *
The deep elf pyromancer howls in fear.
The deep elf pyromancer mumbles some strange words.
The deep elf pyromancer blinks!
The fire elemental hits you.
* * * LOW HITPOINT WARNING * * *
The fire elemental burns you!
* * * LOW HITPOINT WARNING * * *
The fire elemental hits you. The fire elemental burns you!
You die...

..#.#.#.#######..#.###..###^.....
###...#.# ###....##..###..###....
..##..#####......####..###..#.>).
#.##..# ........#..###..####....
#.##..# ........#.#....## #..#.
#.##..###........#.##.### #..#)
#.##....###....[.#..### #....
#'##......###..E.†### #....
..##.#......###w@######}|[ #....
.....######...###E○°.s.:# #....
###### ##....#######§)) #....
#.##....### #[#.. #.#####...###
#)#.. ########.......#...###
#.##.
#...(..#.#####..#....####.###
#.###....# #............# # #.#
#....# #..#..###..### #


You could see a torpor snail shaped shifter, 2 fire elementals and a jumping
spider.

Vanquished Creatures
  Pikel (D:5)
  2 ugly things (D:8)
  Maggie (D:6)
  Grinder (D:6)
  Sigmund (D:2)
  A slime creature (D:8)
  A basilisk (D:8)
  A redback (shapeshifter) (D:8)
  Edmund (D:4)
  Menkaure (D:4)
  Duvessa (D:5)
  3 ice beasts
  A water moccasin (D:7)
  3 orc warriors
  A sky beast (D:8)
  2 black bears (D:6)
  3 centaurs
  A phantom (D:4)
  A lemure (D:5)
  2 bullfrogs (D:7)
  A kobold brigand (D:7)
  3 scorpions
  8 wights (D:8)
  Dowan (D:5)
  2 howler monkeys (D:7)
  2 hounds
  5 orc priests
  Crazy Yiuf (D:5)
  3 gnoll boudas
  Jessica (D:3)
  An iguana (D:6)
  A sleepcap (D:5)
  Ijyb (D:3)
  9 orc wizards
  Terence (D:2)
  Robin (D:3)
  11 gnolls
  6 adders
  A white imp (D:7)
  An ufetubus (D:5)
  2 worms
  3 dart slugs
  26 orcs
  4 endoplasms
  3 giant cockroaches
  11 hobgoblins
  2 jackals (D:4)
  5 kobolds
  5 quokkas
  6 ball pythons
  2 bats
  3 frilled lizards
  14 goblins
  2 rats
177 creatures vanquished.

Vanquished Creatures (others)
  A kobold (D:7)
1 creature vanquished.

Grand Total: 178 creatures vanquished

Notes
Turn   | Place    | Note
-------+----------+-------------------------------------------
     0 | D:1      | Shard1697 the Armataur Fighter began the quest for the Orb.
     0 | D:1      | Reached XP level 1. HP: 19/19 MP: 1/1
    64 | D:1      | Reached skill level 2 in Maces & Flails
   177 | D:1      | Reached XP level 2. HP: 26/26 MP: 2/2
   754 | D:2      | Noticed Sigmund
  1027 | D:2      | Killed Sigmund
  1028 | D:2      | Reached skill level 5 in Maces & Flails
  1028 | D:2      | Reached XP level 3. HP: 9/32 MP: 3/3
  1028 | D:2      | Reached XP level 4. HP: 11/39 MP: 4/4
  1028 | D:2      | Reached XP level 5. HP: 12/44 MP: 5/5
  1326 | D:2      | Noticed Terence
  1338 | D:2      | Killed Terence
  1800 | D:3      | Reached XP level 6. HP: 47/54 MP: 6/6
  2262 | D:3      | Found a broken altar of Ashenzari.
  2262 | D:3      | Found a white marble altar of Elyvilon.
  2305 | D:3      | Became a worshipper of Elyvilon the Healer
  2316 | D:3      | Noticed Robin
  2337 | D:3      | Killed Robin
  2401 | D:3      | Found a faded altar of an unknown god.
  2479 | D:3      | Noticed Ijyb
  2502 | D:3      | Killed Ijyb
  2675 | D:3      | Reached skill level 6 in Maces & Flails
  2701 | D:3      | Found Vextinaz's Antique Armour Shoppe.
  2755 | D:3      | Noticed Jessica
  2766 | D:3      | Killed Jessica
  3042 | D:4      | Reached * piety under Elyvilon
  3084 | D:4      | Reached XP level 7. HP: 63/63 MP: 7/7
  3091 | D:4      | Noticed Edmund
  3110 | D:4      | Killed Edmund
  3278 | D:4      | Found a hide-covered altar of Uskayaw.
  3385 | D:4      | Noticed Menkaure
  3391 | D:4      | Killed Menkaure
  3392 | D:4      | Reached skill level 5 in Fighting
  3408 | D:4      | Reached skill level 7 in Maces & Flails
  3664 | D:3      | Bought an embroidered cloak for 142 gold pieces
  3730 | D:5      | Entered Level 5 of the Dungeon
  3826 | D:5      | Reached XP level 8. HP: 73/73 MP: 8/8
  3895 | D:5      | Noticed Pikel
  3954 | D:5      | Killed Pikel
  4092 | D:5      | Reached skill level 8 in Maces & Flails
  4225 | D:5      | Noticed Duvessa
  4226 | D:5      | Noticed Dowan
  4241 | D:5      | Killed Duvessa
  4359 | D:5      | Killed Dowan
  4374 | D:5      | Found a runed translucent door.
  4375 | D:5      | Noticed Crazy Yiuf
  4388 | D:5      | Killed Crazy Yiuf
  4538 | D:5      | Found a bloodstained altar of Trog.
  4538 | D:5      | Found an ornate altar of the Wu Jian Council.
  4571 | D:5      | Reached ** piety under Elyvilon
  4611 | D:5      | Learned a level 2 spell: Wereblood
  4639 | D:6      | Found a snail-covered altar of Cheibriados.
  4789 | D:6      | Reached skill level 1 in Invocations
  4789 | D:6      | Reached XP level 9. HP: 84/84 MP: 8/10
  5032 | D:6      | Noticed Grinder
  5047 | D:6      | Paralysed by Grinder for 5 turns
  5052 | D:6      | Killed Grinder
  5223 | D:6      | Noticed Maggie
  5249 | D:6      | Killed Maggie
  5250 | D:6      | Reached skill level 9 in Maces & Flails
  5833 | D:7      | Identified the +1 robe of Buliaf {Will+}
  5849 | D:7      | Found a staircase to the Ecumenical Temple.
  6002 | D:7      | Reached *** piety under Elyvilon
  6155 | D:7      | Found a sparkling altar of Nemelex Xobeh.
  6155 | D:7      | Found a faded altar of an unknown god.
  6162 | D:7      | Found a faded altar of an unknown god.
  6164 | D:7      | Found a burning altar of Makhleb.
  6180 | D:7      | Found a glowing silver altar of Zin.
  6601 | D:8      | Reached XP level 10. HP: 62/95 MP: 13/13
  6664 | D:8      | Reached skill level 5 in Invocations
  6935 | D:8      | Reached **** piety under Elyvilon
  7006 | D:8      | Found a staircase to the Lair.
  7296 | D:8      | Found a runed translucent door.
  7296 | D:8      | Noticed a purple ugly thing
  7297 | D:8      | Noticed a salamander
  7298 | D:8      | Found a runed translucent door.
  7319 | D:8      | Killed a purple ugly thing
  7411 | D:8      | Noticed a purple ugly thing
  7423 | D:8      | Reached skill level 10 in Maces & Flails
  7430 | D:8      | Killed a purple ugly thing
  7535 | D:8      | Noticed a deep elf pyromancer
  7547 | D:8      | Noticed a water nymph
  7550 | D:8      | a water nymph changed into a torpor snail
  7550 | D:8      | Noticed a torpor snail (shapeshifter)
  7550 | D:8      | Slain by a fire elemental

Illustrated notes

Levels and vault maps discovered:
D:1:      spicycebolla_green_bress_n_ham_2, layout_basic,
          wander_ebering_terrifying_dragon_lair
D:2:      layout_rooms, uniq_sigmund, uniq_terence
D:3:      layout_loops_ring, chequers_temple_overflow_statue_of_worship,
          chequers_ecumenical_altar_twisty, serial_shops,
          nicolae_shop_just_a_little_nook, minmay_misc_feat_ornament,
          hangedman_decor_clover_reticule, nicolae_twisty_statue_hallways,
          uniq_robin, uniq_jessica, uniq_ijyb
D:4:      layout_rooms, nicolae_uskayaw_murder_on_the_dancefloor, uniq_menkaure,
          uniq_edmund
D:5:      layout_rooms, gammafunk_temple_overflow_pools, nicolae_goblin_pals,
          uniq_duvessa, uniq_pikel, uniq_crazy_yiuf_cottage
D:6:      layout_loops_corners, mainiacjoe_overflow_alcove_4, grunt_tough_drop,
          uniq_grinder, uniq_maggie
D:7:      layout_gridville, chequers_temple_overflow_minitemple,
          minmay_temple_entry_butterflies
D:8:      minmay_the_grid_triangle_9x9_rhombus_thin
          [minmay_the_grid_triangle_9x9_longest,
          minmay_the_grid_triangle_9x9_prize_center,
          minmay_the_grid_triangle_9x9_tough_junction,
          minmay_the_grid_triangle_9x9_empty], layout_basic,
          hangedman_decor_opposing, minmay_misc_feat_room,
          roderic_serpentine_path

Skill      XL: |  1  2  3  4  5  6  7  8  9 10 |
---------------+-------------------------------+-----
Maces & Flails | 2 5 6 7 8 9 10 | 10.2
Fighting       | 3 4 5 7 8 9 |  9.3
Invocations    | 1 4 6 |  6.1
Armour         | |  3.6
Shields        | |  3.2

Action                     |  1- 3 |  4- 6 |  7- 9 | 10-12 || total
---------------------------+-------+-------+-------+-------++-------
  Melee: Flail             |    43 |   186 |   121 |       ||   350
         Tailslap          |     3 |    31 |    46 |     8 ||    88
         Whip              |       |       |   176 |       ||   176
         Morningstar       |       |       |    93 |    47 ||   140
 Invoke: Heal Other        |       |       |     1 |       ||     1
    Use: Potion            |     1 |     1 |       |     1 ||     3
         Scroll            |       |       |    15 |     1 ||    16
   Stab: Distracted        |       |     1 |       |       ||     1
         Sleeping          |       |       |     2 |       ||     2
 Armour: Scale mail        |     9 |    67 |       |       ||    76
         Robe              |       |     3 |   117 |       ||   120
         Swamp dragon scal |       |       |    50 |    22 ||    72
  Dodge: Dodged            |    16 |    38 |   137 |     7 ||   198
  Block: Buckler           |     5 |    32 |    80 |    11 ||   128

Table legend: (Time is in decaauts)
 A = Elapsed time spent in this place.
 B = Non-inter-level travel time spent in this place.
 C = Inter-level travel time spent in this place.
 D = Time resting spent in this place.
 E = Time spent auto-exploring this place.
 F = Levels seen in this place.
 G = Mean time per level.
                   A        B        C        D        E       F      G
               +--------+--------+--------+--------+--------+-----+--------+
         Total |   7571 |   7414 |    157 |    990 |   4872 |   8 |  946.4 |
       Dungeon |   7571 |   7414 |    157 |    990 |   4872 |   8 |  946.4 |
               +--------+--------+--------+--------+--------+-----+--------+

Top non-repeatable levels by time:
     D:3: 1519 daAuts
     D:6: 1173 daAuts
     D:8: 1123 daAuts
     D:1: 974 daAuts
     D:4: 801 daAuts
     D:5: 785 daAuts
     D:7: 618 daAuts
     D:2: 574 daAuts
